 Dungeon Crawl Stone Soup version 0.27-a0-1196-g3e9cee4cb2 (webtiles) character file.

Game seed: 4222549623907666925

114 coolguy69 the Chopper (level 4, -1/40 HPs)
             Began as a Hill Orc Fighter on May 28, 2021.
             Slain by Grinder (3 damage)
             ... on level 3 of the Dungeon.
             The game lasted 00:02:17 (2252 turns).

coolguy69 the Chopper (Hill Orc Fighter)            Turns: 2252, Time: 00:02:17

Health: -1/40      AC:  9    Str: 19    XL:     4   Next: 98%
Magic:  4/4        EV:  5    Int:  8    God:
Gold:   173        SH:  9    Dex: 10    Spells: 3/3 levels left

rFire    + . .     SeeInvis .   a - +0 war axe
rCold    + . .     Faith    .   c - +0 kite shield
rNeg     . . .     Spirit   .   h - +0 chain mail
rPois    .         Reflect  .   (no helmet)
rElec    .         Harm     .   g - scarf {rC+ rF+}
rCorr    .         Rampage  .   (no gloves)
Will     .....                  (no boots)
Stlth    ..........             (no amulet)
HPRegen  0.13/turn              (no ring)
MPRegen  0.09/turn              (no ring)

@: mighty
A: no striking features
a: no special abilities


You were on level 3 of the Dungeon.
You visited 1 branch of the dungeon, and saw 3 of its levels.

You collected 173 gold pieces.

Inventory:

Hand Weapons
 a - a +0 war axe (weapon)
Missiles
 o - a throwing net (quivered)
Armour
 c - a +0 kite shield (worn)
 g - a scarf of resistance (worn)
 h - a +0 chain mail (worn)
Scrolls
 e - a scroll of identify {unknown}
 f - 3 scrolls of teleportation {unknown}
 i - a scroll of torment {unknown}
 k - a scroll of magic mapping {unknown}
 l - a scroll of vulnerability {unknown}
 m - a scroll of amnesia {unknown}
 n - a scroll of noise {unknown}
Potions
 b - a potion of flight {unknown}
 d - a potion of might
 j - a potion of heal wounds {unknown}
 p - a potion of haste {unknown}


   Skills:
 + Level 4.0 Fighting
 + Level 4.2 Axes
 + Level 4.2 Armour
 + Level 0.4 Dodging
 + Level 4.1 Shields


You had 3 spell levels left.
You didn't know any spells.
Your spell library contained the following spells:

 Spells                   Type           Power      Damage    Failure   Level
 Animate Skeleton         Necr           0%         N/A       100%        1
 Apportation              Tloc           0%         N/A       100%        1
 Corona                   Hex            0%         N/A       100%        1
 Summon Small Mammal      Summ           0%         N/A       100%        1


Dungeon Overview and Level Annotations

Branches:
Dungeon (3/15)

Altars:

Shops:
D:3 ?

Annotations:
D:3 Grinder


Message History

Grinder is nearby!
Grinder is nearby!
Grinder hits you.
You writhe in agony.
Grinder is nearby!
You closely miss Grinder. Grinder hits you.
You writhe in agony.
You hit Grinder.
Grinder is lightly wounded.
Grinder gestures at you. Pain shoots through your body!
You block Grinder's attack.
You hit Grinder.
Grinder is moderately wounded.
Grinder hits you!
You writhe in agony.
* * * LOW HITPOINT WARNING * * *
You are too injured to fight recklessly!
You are too injured to fight recklessly!
Unknown command.
You feel very mighty all of a sudden. Grinder gestures at you.
Pain shoots through your body!
* * * LOW HITPOINT WARNING * * *
You slash Grinder!
Grinder is heavily wounded.
Grinder says, "I used to sell toenails on the black market."
Grinder gestures at you. You resist with significant effort.
You block Grinder's attack.
Unknown command.
You slash Grinder!
Grinder is almost dead.
You block Grinder's attack.
Unknown command.
You closely miss Grinder.
Grinder is almost dead.
Grinder closely misses you. Grinder gestures at you.
You resist with significant effort.
Unknown command.
You barely miss Grinder.
Grinder is severely wounded.
Grinder hits you.
You die...

##.#.### ### #...... ..#
#..#.####.##
#.#########...........
#.#............# ##
#..........>##.###...###
###(##########..........
#.# #.###...## #.#
#[.@5..## #.# ########
#.# #.# ###.# ....#
#####


You could see Grinder.

Vanquished Creatures
  5 adders
  A worm (D:2)
  A dart slug (D:2)
  6 ball pythons
  4 bats
  5 endoplasms
  A giant cockroach (D:1)
  6 goblins
  4 hobgoblins
  10 jackals (D:1)
  6 kobolds
  2 quokkas
  2 frilled lizards (D:1)
  8 rats
61 creatures vanquished.

Notes
Turn   | Place    | Note
-------+----------+-------------------------------------------
     0 | D:1      | coolguy69 the Hill Orc Fighter began the quest for the Orb.
     0 | D:1      | Reached XP level 1. HP: 19/19 MP: 1/1
   111 | D:1      | Reached XP level 2. HP: 23/27 MP: 2/2
   349 | D:1      | Found a faded altar of an unknown god.
   490 | D:1      | Reached XP level 3. HP: 33/33 MP: 3/3
  1224 | D:2      | Reached XP level 4. HP: 31/40 MP: 4/4
  1926 | D:3      | Found Kolim's Magic Scroll Shoppe.
  2242 | D:3      | Noticed Grinder
  2248 | D:3      | HP: 1/40 [Grinder/nerve-wracking pain (6)]
  2252 | D:3      | Slain by Grinder

Illustrated notes

Levels and vault maps discovered:
D:1:      erik_arrival_cave_to_civilisation [erik_arrival_cave_to_hall],
          layout_basic, ebering_ecumenical_altar_petrified,
          grunt_decor_arrowhead, minmay_domino_4
D:2:      layout_rooms, st_stairs_2
D:3:      layout_loops_ring, serial_shops, nicolae_shop_statue_plus,
          uniq_grinder

Skill      XL: |  1  2  3  4 |
---------------+-------------+-----
Axes           | 3 4 |  4.2
Fighting       | 4 |  4.0
Shields        | 4 |  4.1
Armour         | 4 |  4.2
Dodging        | |  0.4

Action                   |  1- 3 |  4- 6 || total
-------------------------+-------+-------++-------
Melee: War axe           |    98 |    67 ||   165
  Use: Potion            |       |     1 ||     1
Armor: Scale mail        |    36 |       ||    36
       Chain mail        |    13 |    30 ||    43
Dodge: Dodged            |    35 |    12 ||    47
Block: Kite shield       |    57 |    42 ||    99

Table legend: (Time is in decaauts)
 A = Elapsed time spent in this place.
 B = Non-inter-level travel time spent in this place.
 C = Inter-level travel time spent in this place.
 D = Time resting spent in this place.
 E = Time spent auto-exploring this place.
 F = Levels seen in this place.
 G = Mean time per level.
                   A        B        C        D        E       F      G
               +--------+--------+--------+--------+--------+-----+--------+
         Total |   2341 |   2258 |     83 |      0 |   1822 |   3 |  780.3 |
       Dungeon |   2341 |   2258 |     83 |      0 |   1822 |   3 |  780.3 |
               +--------+--------+--------+--------+--------+-----+--------+

Top non-repeatable levels by time:
     D:1: 1190 daAuts
     D:2: 723 daAuts
     D:3: 428 daAuts
